General information
- name: BNet
- type: Ladder team game (AT/RT)
- host: Battle.net
- saver: StormAndStress
map: Cherryville
- players: 8
- length: 29:14
- speed: Fast
- version: 1.26 W3XP
- replay type: Public
» download(144 KB)
Players
team 1 (loser)
ikillnoobs (
green | 21 APM | 334 actions | 16:04)
1 Crypt Lord
1 Impale
» actions
| Build / train | 29 | |
| Enter build submenu | 16 | |
| Enter hero's abilities submenu | 2 | |
| Right click | 143 | |
| Select / deselect | 124 | |
| Use ability | 20 | |
334 total
» units
| Acolyte | 12 | |
| Ghoul | 2 | |
| Crypt Fiend | 8 | |
| Abomination | 1 | |
23 total
» buildings
| Altar of Darkness | 2 | |
| Graveyard | 1 | |
| Ziggurat | 6 | |
| Crypt | 1 | |
| Halls of the Dead | 1 | |
| Spirit Tower | 2 | |
| Black Citadel | 1 | |
| Slaughterhouse | 1 | |
| Tomb of Relics | 1 | |
16 total
» build order
00:09 Altar of Darkness
00:13 Graveyard
00:16 Altar of Darkness
01:09 Ziggurat
01:13 Crypt
03:03 Halls of the Dead
04:04 Ziggurat
04:07 Ziggurat
04:08 Ziggurat
04:57 Spirit Tower
05:51 Black Citadel
06:39 Slaughterhouse
07:12 Tomb of Relics
07:17 Spirit Tower
09:54 Ziggurat
09:58 Ziggurat
BRADY-PWN-RAVEN (
purple | 56 APM | 1625 actions | 29:13)
8 Tauren Chieftain
3 War Stomp
3 Endurance Aura
1 Shockwave
1 Reincarnation
» actions
| Assign group hotkey | 23 | |
| Basic commands | 15 | |
| Build / train | 61 | |
| Enter build submenu | 21 | |
| Enter hero's abilities submenu | 7 | |
| Give item / drop item | 5 | |
| Right click | 757 | |
| Select / deselect | 179 | |
| Select group hotkey | 476 | |
| Use ability | 81 | |
1625 total
» units
| Peon | 13 | |
| Grunt | 4 | |
| Wind Rider | 6 | |
| Goblin Shredder | 1 | |
| Goblin Sapper | 1 | |
25 total
» upgrades
| Reinforced Defenses | 1 | |
| Envenomed Spears | 1 | |
| Ranged Weapons | 2 | |
| Armor | 2 | |
6 total
» buildings
| Altar of Storms | 1 | |
| Orc Burrow | 5 | |
| Barracks | 1 | |
| Voodoo Lounge | 1 | |
| Stronghold | 1 | |
| War Mill | 1 | |
| Great Hall | 1 | |
| Beastiary | 2 | |
| Watch Tower | 23 | |
| Fortress | 1 | |
37 total
» build order
00:07 Altar of Storms
00:19 Orc Burrow
00:37 Barracks
01:22 Orc Burrow
01:57 Voodoo Lounge
03:01 Stronghold
03:39 Orc Burrow
04:19 War Mill
04:58 Great Hall
05:28 Beastiary
06:00 Beastiary
08:59 Watch Tower
08:59 Watch Tower
09:00 Watch Tower
09:00 Watch Tower
09:03 Fortress
09:45 Orc Burrow
11:42 Watch Tower
11:42 Watch Tower
11:43 Watch Tower
11:44 Watch Tower
11:45 Watch Tower
11:46 Watch Tower
11:50 Watch Tower
11:51 Watch Tower
11:56 Watch Tower
13:30 Watch Tower
13:31 Watch Tower
13:31 Watch Tower
13:31 Watch Tower
13:34 Watch Tower
13:35 Watch Tower
13:35 Watch Tower
13:36 Watch Tower
25:02 Orc Burrow
» items
| Healing Salve | 3 | |
| Scroll of Town Portal | 1 | |
| Orb of Lightning | 1 | |
| Potion of Healing | 1 | |
| Tome of Retraining | 1 | |
| Potion of Invisibility | 2 | |
| Boots of Speed | 1 | |
| Staff of Teleportation | 1 | |
| Scroll of Healing | 2 | |
| Potion of Lesser Invulnerability | 1 | |
14 total
LoWC-Twilight (
orange | 22 APM | 389 actions | 17:31)
2 Blademaster
1 Critical Strike
1 Wind Walk
1 Shadow Hunter
1 Healing Wave
» actions
| Assign group hotkey | 1 | |
| Build / train | 26 | |
| Enter build submenu | 21 | |
| Enter hero's abilities submenu | 3 | |
| Remove unit from queue | 2 | |
| Right click | 185 | |
| Select / deselect | 114 | |
| Select group hotkey | 1 | |
| Use ability | 36 | |
389 total
» units
| Peon | 8 | |
| Troll Headhunter/Berserker | 3 | |
| Tauren | 4 | |
15 total
» upgrades
| Shaman Training | 2 | |
| Pulverize | 1 | |
3 total
» buildings
| Altar of Storms | 1 | |
| Orc Burrow | 4 | |
| Barracks | 2 | |
| Stronghold | 1 | |
| War Mill | 1 | |
| Voodoo Lounge | 1 | |
| Watch Tower | 6 | |
| Great Hall | 1 | |
| Fortress | 1 | |
| Spirit Lodge | 1 | |
| Tauren Totem | 2 | |
21 total
» build order
00:06 Altar of Storms
00:08 Orc Burrow
01:32 Barracks
02:43 Barracks
03:42 Stronghold
03:48 War Mill
04:01 Voodoo Lounge
04:07 Orc Burrow
04:19 Orc Burrow
05:48 Watch Tower
05:53 Orc Burrow
05:56 Watch Tower
07:26 Great Hall
07:34 Fortress
07:41 Spirit Lodge
07:53 Watch Tower
11:07 Tauren Totem
11:53 Tauren Totem
12:16 Watch Tower
13:44 Watch Tower
14:24 Watch Tower
» items

»
Kankurou[MN] (
red | 37 APM | 543 actions | 14:38)
3 Dreadlord
2 Vampiric Aura
1 Carrion Swarm
» actions
| Build / train | 73 | |
| Enter build submenu | 17 | |
| Enter hero's abilities submenu | 3 | |
| Right click | 223 | |
| Select / deselect | 201 | |
| Use ability | 26 | |
543 total
» units
| Acolyte | 11 | |
| Ghoul | 22 | |
| Crypt Fiend | 15 | |
48 total
» upgrades
| Creature Carapace | 2 | |
| Web | 1 | |
| Burrow | 1 | |
4 total
» buildings
| Crypt | 1 | |
| Ziggurat | 5 | |
| Altar of Darkness | 1 | |
| Graveyard | 1 | |
| Halls of the Dead | 1 | |
| Tomb of Relics | 1 | |
| Black Citadel | 1 | |
| Sacrificial Pit | 1 | |
| Boneyard | 1 | |
13 total
» build order
00:09 Crypt
00:17 Ziggurat
00:54 Altar of Darkness
01:22 Ziggurat
02:23 Graveyard
02:50 Ziggurat
03:16 Ziggurat
05:38 Ziggurat
06:05 Halls of the Dead
07:04 Tomb of Relics
08:37 Black Citadel
09:50 Sacrificial Pit
13:22 Boneyard
» items
| Potion of Healing | 1 | |
| Orb of Corruption | 1 | |
| Scroll of Healing | 7 | |
9 total
team 2 (winner)
NekoCase (
teal | 40 APM | 1169 actions | 29:14)
7 Blademaster
3 Wind Walk
3 Critical Strike
1 Bladestorm
» actions
| Assign group hotkey | 37 | |
| Basic commands | 51 | |
| Build / train | 46 | |
| Enter build submenu | 34 | |
| Enter hero's abilities submenu | 7 | |
| Give item / drop item | 12 | |
| Remove unit from queue | 1 | |
| Right click | 596 | |
| Select / deselect | 231 | |
| Select group hotkey | 78 | |
| Use ability | 76 | |
1169 total
» units
| Peon | 8 | |
| Grunt | 4 | |
| Goblin Shredder | 1 | |
| Wind Rider | 2 | |
15 total
» upgrades
| Reinforced Defenses | 1 | |
| Ranged Weapons | 3 | |
| Armor | 3 | |
| Troll Regeneration | 1 | |
| Pillage | 1 | |
| Envenomed Spears | 1 | |
10 total
» buildings
| Orc Burrow | 7 | |
| Altar of Storms | 1 | |
| Barracks | 1 | |
| Voodoo Lounge | 1 | |
| Stronghold | 3 | |
| Great Hall | 3 | |
| War Mill | 2 | |
| Watch Tower | 17 | |
| Fortress | 1 | |
| Beastiary | 4 | |
40 total
» build order
00:14 Orc Burrow
00:55 Altar of Storms
00:56 Barracks
01:08 Orc Burrow
02:26 Voodoo Lounge
02:49 Stronghold
02:49 Stronghold
03:48 Orc Burrow
04:48 Great Hall
04:59 War Mill
07:03 Watch Tower
07:04 Watch Tower
07:05 Watch Tower
07:06 Watch Tower
07:55 Fortress
08:29 War Mill
09:03 Watch Tower
09:04 Watch Tower
09:11 Watch Tower
09:14 Watch Tower
09:19 Watch Tower
09:22 Watch Tower
09:25 Watch Tower
17:00 Great Hall
17:03 Watch Tower
17:04 Watch Tower
17:05 Watch Tower
17:05 Watch Tower
17:06 Watch Tower
17:07 Watch Tower
19:11 Beastiary
19:14 Beastiary
19:16 Beastiary
19:21 Beastiary
19:48 Orc Burrow
19:52 Orc Burrow
19:54 Orc Burrow
23:17 Orc Burrow
23:29 Great Hall
» items
| Healing Salve | 2 | |
| Scroll of Town Portal | 1 | |
| Periapt of Vitality | 2 | |
| Scroll of Healing | 1 | |
| Potion of Lesser Invulnerability | 1 | |
| Orb of Lightning | 1 | |
8 total
StormAndStress (
blue | 84 APM | 2447 actions | 29:14)
5 Blood Mage
3 Flame Strike
2 Banish
» actions
| Assign group hotkey | 62 | |
| Basic commands | 98 | |
| Build / train | 139 | |
| ESC pressed | 2 | |
| Enter build submenu | 30 | |
| Enter hero's abilities submenu | 5 | |
| Give item / drop item | 18 | |
| Remove unit from queue | 1 | |
| Right click | 931 | |
| Select / deselect | 312 | |
| Select group hotkey | 703 | |
| Use ability | 146 | |
2447 total
» units
| Peasant | 19 | |
| Footman | 6 | |
| Sorceress | 1 | |
| Goblin Shredder | 1 | |
| Gryphon Rider | 4 | |
| Goblin Sapper | 6 | |
| Goblin Zeppelin | 2 | |
39 total
» upgrades
| Masonry | 3 | |
| Sorceress Training | 2 | |
| Lumber Harvesting | 2 | |
| Magic Sentry | 0 | |
| Storm Hammers | 1 | |
| Swords | 3 | |
| Armor | 3 | |
| Animal War Training | 1 | |
| Cloud | 1 | |
16 total
» buildings
| Altar of Kings | 1 | |
| Barracks | 1 | |
| Farm | 6 | |
| Arcane Vault | 1 | |
| Town Hall | 5 | |
| Keep | 4 | |
| Scout Tower | 12 | |
| Lumber Mill | 1 | |
| Guard Tower | 12 | |
| Castle | 2 | |
| Arcane Sanctum | 1 | |
| Gryphon Aviary | 2 | |
| Blacksmith | 2 | |
50 total
» build order
00:39 Altar of Kings
00:41 Barracks
00:52 Farm
01:05 Farm
01:34 Farm
01:58 Arcane Vault
02:40 Farm
03:42 Town Hall
04:47 Keep
04:48 Keep
04:48 Keep
04:50 Scout Tower
04:51 Scout Tower
04:54 Scout Tower
04:56 Scout Tower
05:38 Lumber Mill
06:44 Guard Tower
07:08 Castle
07:22 Arcane Sanctum
09:03 Scout Tower
09:04 Scout Tower
09:06 Scout Tower
09:07 Scout Tower
09:08 Scout Tower
09:11 Scout Tower
09:11 Scout Tower
09:43 Guard Tower
09:43 Guard Tower
09:44 Guard Tower
09:45 Guard Tower
09:48 Scout Tower
10:35 Guard Tower
10:36 Guard Tower
10:36 Guard Tower
10:37 Guard Tower
11:11 Farm
11:26 Gryphon Aviary
11:30 Gryphon Aviary
13:29 Blacksmith
13:30 Blacksmith
20:33 Town Hall
22:14 Farm
23:05 Town Hall
26:20 Town Hall
27:31 Town Hall
» items
| Scroll of Regeneration | 6 | |
| Mechanical Critter | 4 | |
| Staff of Teleportation | 1 | |
| Boots of Speed | 1 | |
| Periapt of Vitality | 1 | |
| Potion of Invisibility | 2 | |
| Lesser Clarity Potion | 5 | |
| Potion of Mana | 2 | |
| Scroll of Town Portal | 3 | |
| Potion of Healing | 1 | |
| Orb of Lightning | 1 | |
| Tiny Great Hall | 1 | |
| Healing Salve | 1 | |
| Orb of Fire | 1 | |
30 total
ritchy-boy (
pink | 20 APM | 506 actions | 25:30)
4 Dark Ranger
2 Life Drain
2 Silence
» actions
| Basic commands | 45 | |
| Build / train | 69 | |
| Enter build submenu | 15 | |
| Enter hero's abilities submenu | 4 | |
| Give item / drop item | 2 | |
| Remove unit from queue | 7 | |
| Right click | 147 | |
| Select / deselect | 183 | |
| Use ability | 34 | |
506 total
» units
| Acolyte | 12 | |
| Ghoul | 4 | |
| Crypt Fiend | 13 | |
| Abomination | 11 | |
40 total
» upgrades
| Creature Attack | 3 | |
| Creature Carapace | 1 | |
| Web | 1 | |
| Unholy Strength | 1 | |
| Unholy Armor | 3 | |
| Disease Cloud | 1 | |
10 total
» buildings
| Ziggurat | 7 | |
| Crypt | 1 | |
| Graveyard | 1 | |
| Altar of Darkness | 1 | |
| Halls of the Dead | 1 | |
| Black Citadel | 1 | |
| Slaughterhouse | 1 | |
| Spirit Tower | 3 | |
16 total
» build order
00:28 Ziggurat
00:37 Crypt
00:59 Graveyard
01:07 Altar of Darkness
01:22 Ziggurat
02:34 Ziggurat
02:37 Ziggurat
03:41 Halls of the Dead
04:32 Ziggurat
05:44 Ziggurat
06:12 Black Citadel
06:28 Slaughterhouse
07:00 Ziggurat
08:16 Spirit Tower
08:27 Spirit Tower
14:05 Spirit Tower
» items

»
obscenename (
yellow | 52 APM | 1293 actions | 24:47)
4 Blademaster
2 Wind Walk
2 Critical Strike
3 Shadow Hunter
1 Hex
2 Healing Wave
1 Tauren Chieftain
1 Endurance Aura
» actions
| Assign group hotkey | 12 | |
| Basic commands | 4 | |
| Build / train | 69 | |
| Enter build submenu | 31 | |
| Enter hero's abilities submenu | 8 | |
| Give item / drop item | 7 | |
| Remove unit from queue | 1 | |
| Right click | 502 | |
| Select / deselect | 215 | |
| Select group hotkey | 392 | |
| Use ability | 52 | |
1293 total
» units
| Peon | 12 | |
| Grunt | 11 | |
| Wind Rider | 3 | |
| Shaman | 3 | |
| Raider | 1 | |
| Tauren | 1 | |
| Troll Witch Doctor | 2 | |
33 total
» upgrades
| Melee Weapons | 2 | |
| Armor | 2 | |
| Berserker Strength | 1 | |
| Shaman Training | 2 | |
| Ranged Weapons | 1 | |
| Pillage | 1 | |
| Witch Doctor Training | 2 | |
| Envenomed Spears | 1 | |
| Spirit Walker Training | 0 | |
12 total
» buildings
| Altar of Storms | 2 | |
| Orc Burrow | 8 | |
| Barracks | 1 | |
| Voodoo Lounge | 1 | |
| War Mill | 1 | |
| Great Hall | 2 | |
| Watch Tower | 5 | |
| Stronghold | 1 | |
| Fortress | 1 | |
| Spirit Lodge | 2 | |
| Beastiary | 1 | |
| Tauren Totem | 1 | |
26 total
» build order
00:15 Altar of Storms
00:19 Altar of Storms
00:22 Orc Burrow
01:15 Barracks
02:21 Orc Burrow
02:40 Voodoo Lounge
03:23 War Mill
05:32 Great Hall
05:38 Great Hall
05:56 Watch Tower
06:09 Stronghold
06:16 Orc Burrow
07:07 Watch Tower
07:17 Orc Burrow
08:37 Fortress
08:52 Watch Tower
09:22 Spirit Lodge
09:31 Beastiary
09:56 Watch Tower
11:00 Orc Burrow
11:37 Watch Tower
12:43 Orc Burrow
14:41 Tauren Totem
16:59 Spirit Lodge
18:28 Orc Burrow
18:36 Orc Burrow
» items
| Healing Salve | 3 | |
| Lesser Clarity Potion | 1 | |
| Scroll of Speed | 2 | |
| Boots of Speed | 1 | |
| Orb of Lightning | 2 | |
| Scroll of Town Portal | 1 | |
10 total
Chat log
(00:47 / Allies) obscenename: lol so neko case plays warcraft III
(01:16 / All) NekoCase: everyone loves warcraft 3, it's a masterpiece
(01:33 / Allies) obscenename: still waiting for 4
(01:40 / Allies) StormAndStress: it'll suck
(01:40 / Allies) NekoCase: it'll be garbage like sc2
(01:44 / Allies) obscenename: i think i'll be waiting a long time
(01:47 / All) BRADY-PWN-RAVEN: league of legends
(01:50 / Allies) obscenename: you think?
(01:50 / All) BRADY-PWN-RAVEN: >
(04:27 / Allies) StormAndStress: I'll give regen for pendant
(04:31 / Allies) StormAndStress: if you want to hp stack like last game
(04:52 / Allies) StormAndStress: ty
(04:54 / Allies) NekoCase: pendants better but that's k lel
(05:06 / Allies) StormAndStress: I always get pendants when I go fucking am
(05:13 / Allies) NekoCase: yeah me too
(05:24 / Allies) NekoCase: makes me tempted to get mk always but I hate more than 1 hero
(05:34 / Allies) StormAndStress: dasw
(05:50 / Allies) StormAndStress: 2 rings of regen
(05:54 / Allies) StormAndStress: that'll be insane with pendants
(07:42 / All) StormAndStress: is that CL first?
(09:49 / Allies) NekoCase: I forgot I don't have tp
(10:00 / Allies) obscenename: get one, they're scanning
(10:03 / All) BRADY-PWN-RAVEN: you can't tech 15 min into the game lol
(10:31 / All) StormAndStress: fuck, misclick
(10:40 / Allies) NekoCase: reveal?
(10:51 / Allies) NekoCase: nice
(10:58 / Allies) NekoCase: lol
(11:32 / All) NekoCase: this must be low ell
(12:15 / All) StormAndStress: I kill noobs, green
(12:18 / All) StormAndStress: I'm killing you, noob
(12:30 / 6) ikillnoobs: shut up faggot
(12:34 / All) StormAndStress: HAHAHA
(12:40 / All) StormAndStress: telling me "shut up faggot" in PRIVATE
(12:41 / All) StormAndStress: LMFAO
(12:47 / All) StormAndStress: why is that green?
(12:48 / 6) ikillnoobs: no FUCKING gold
(12:49 / All) BRADY-PWN-RAVEN: who
(12:52 / All) StormAndStress: green is
(13:04 / All) StormAndStress: don't want them to hear or something?
(13:12 / All) StormAndStress: hahahaha
(13:59 / All) StormAndStress: is MN a clan?
(14:01 / All) StormAndStress: mega noobs?
(14:03 / All) BRADY-PWN-RAVEN: lmao
(14:04 / Allies) obscenename: main
(14:09 / All) BRADY-PWN-RAVEN: "why do i always get the fucking shit team" oj
(14:13 / All) Kankurou[MN]: fuck noob team
(14:18 / All) BRADY-PWN-RAVEN: LOL
(14:19 / All) NekoCase: orange you're shit
(14:20 / All) StormAndStress: you are a noob
(14:24 / All) StormAndStress: red is noob
(14:25 / All) Kankurou[MN]: brady is noob
(14:26 / All) StormAndStress: green is noob
(14:27 / All) StormAndStress: orange is noob
(14:36 / All) BRADY-PWN-RAVEN: my whole team is horrible and everyboyd blames everyone else
(14:41 / All) StormAndStress: lmfao
(14:50 / All) LoWC-Twilight: lmfao
(14:52 / All) LoWC-Twilight: purp
(14:54 / All) LoWC-Twilight: noob
(14:59 / All) BRADY-PWN-RAVEN: cracking up at how bad it is
(14:59 / All) LoWC-Twilight: towerinf like its TD
(15:11 / All) ikillnoobs: blue go fuck yourself
(15:14 / All) StormAndStress: purp has a base
(15:19 / All) StormAndStress: you are about to lose yours orange
(15:40 / Allies) NekoCase: revela
(15:51 / All) StormAndStress: hahahaha
(16:04 / All) NekoCase: orange you're so good dude
(16:06 / All) LoWC-Twilight: WOW
(16:07 / All) BRADY-PWN-RAVEN: "
(16:08 / All) NekoCase: teach me your secrets
(16:09 / All) LoWC-Twilight: purp
(16:13 / All) LoWC-Twilight: gg
(16:13 / All) LoWC-Twilight: fag
(16:15 / All) LoWC-Twilight: noob
(16:30 / All) LoWC-Twilight: he had 4k gold and 1k wood and no units
(16:31 / All) BRADY-PWN-RAVEN: i did nothing wrong
(16:32 / All) LoWC-Twilight: gg
(16:36 / All) NekoCase: I have 7k
(16:38 / All) NekoCase: 2k wood
(16:39 / All) NekoCase: lol
(16:42 / All) NekoCase: more excuses
(16:47 / All) NekoCase: look inward you piece of shit
(16:51 / All) BRADY-PWN-RAVEN: im literally the only one on my team that went onto ur side of river
(16:53 / All) BRADY-PWN-RAVEN: and he blames me
(16:55 / Allies) ritchy-boy: WATH ARE YOU DOING BLEU
(17:10 / All) LoWC-Twilight: lol
(17:15 / All) LoWC-Twilight: purp gonna get rekt
(17:19 / All) BRADY-PWN-RAVEN: no way
(17:21 / All) BRADY-PWN-RAVEN: watchc
(17:22 / All) NekoCase: think so?
(17:43 / All) NekoCase: orange 3-5 lOL
(18:06 / All) BRADY-PWN-RAVEN: what an unbelievable team i swear to god
(18:15 / All) BRADY-PWN-RAVEN: green was pissed big time at blue
(18:21 / All) BRADY-PWN-RAVEN: u 2 were top ell
(18:34 / All) StormAndStress: fucking noob pink doesn't even have a shop
(18:53 / Allies) ritchy-boy: wtf
(19:00 / Allies) NekoCase: lawl I was gonna buy his orb
(19:34 / All) StormAndStress: look at this clown chase my hero around with his ground attacking shit
(20:57 / Allies) NekoCase: march of the scrub army
(21:03 / All) NekoCase: SCRUBS
(21:06 / All) NekoCase: pink loves that show
(21:14 / All) StormAndStress: these are some of the worst players in history of wc3
(21:40 / All) StormAndStress: thanks for the base pink
(21:57 / Allies) obscenename: i'm cofused
(22:05 / All) StormAndStress: no shit you are a moron yellow
(22:08 / All) StormAndStress: you are probably always confused
(22:08 / Allies) obscenename: what's going on
(22:13 / All) BRADY-PWN-RAVEN: y is sapper
(22:18 / All) NekoCase: you're confused about a lot of things I take it
(22:20 / All) BRADY-PWN-RAVEN: affected by auras
(22:29 / Allies) ritchy-boy: blue dont stop attaque me
(22:32 / All) NekoCase: tanks are too
(23:38 / Allies) ritchy-boy: fuck stop do this bithc
(23:45 / All) StormAndStress: "fuck stop do this bithc" - pink
(23:48 / Allies) ritchy-boy: you are fuking asssolelle
(23:54 / All) StormAndStress: "you are fuking assolelle"
(23:55 / Allies) obscenename: :(
(24:05 / All) BRADY-PWN-RAVEN: this game was bad but my team blaming each other with all 3 of them doing absolutely nothing madse up for it
(24:11 / Allies) obscenename: i want this win
(24:11 / Allies) NekoCase: I don't take kindly to your obscene name
(24:16 / Allies) NekoCase: Buy it
(24:28 / Allies) NekoCase: Pay blue and me 5 american dollars each
(24:43 / All) obscenename: gg
(24:46 / All) NekoCase: Selling Warcraft win
(24:48 / All) NekoCase: 10 American dollars
(25:25 / Allies) StormAndStress: another ring of regen from him
(25:30 / All) BRADY-PWN-RAVEN: football score?
(25:37 / All) StormAndStress: just us
(25:54 / Allies) StormAndStress: ring of prot?
(25:54 / All) NekoCase: look at how fast that bm regens
(25:59 / All) BRADY-PWN-RAVEN: where
(26:01 / All) StormAndStress: you have 2/3 rings, wtf is ring of prot for
(26:05 / All) StormAndStress: there we go
(26:08 / All) NekoCase: I wonder if it's already max
(26:14 / All) BRADY-PWN-RAVEN: hero duel
(26:15 / All) BRADY-PWN-RAVEN: gogo
(26:17 / All) NekoCase: clicked wrong item
(26:30 / All) NekoCase: 2 is max I think
(26:52 / All) NekoCase: nope 3 is faster
(27:00 / All) StormAndStress: I remember once
(27:02 / All) StormAndStress: on hurricane isle
(27:13 / All) NekoCase: it can be 1 hp and regen by the time you run to other side of map
(27:15 / All) StormAndStress: I think I had a DK with 5 rings of regen
(27:17 / All) StormAndStress: or something like that
(27:29 / All) BRADY-PWN-RAVEN: i think i remember that
(27:50 / All) NekoCase: 1v1 me get rekt purple
(28:19 / All) StormAndStress: wtf
(28:20 / All) StormAndStress: banish
(28:23 / All) StormAndStress: doesn't make bladestorm
(28:25 / Allies) StormAndStress: do xtra damage?
(28:27 / All) NekoCase: it's not magic lel
(28:43 / All) NekoCase: not escaping this blade, motherfucker
(28:49 / All) BRADY-PWN-RAVEN: one more game?
(28:51 / All) BRADY-PWN-RAVEN: i leave?
(28:57 / All) StormAndStress: green was funny
(29:03 / All) StormAndStress: pming me with insults
(29:05 / All) NekoCase: yeah your tema should lose
(29:07 / All) StormAndStress: rather than saying them in all chat
(29:09 / All) NekoCase: cuz orange is a dipshit
(29:13 / All) StormAndStress: green is dumber